 Dungeon Crawl Stone Soup version 0.30-a0-331-g8ab09dc110 (console) character file.

Game seed: 9848073779616327030

42 jejorda2 the Poker (level 3, -2/30 HPs)
             Began as a Merfolk Berserker on Oct 30, 2022.
             Was a Follower of Trog.
             Slain by a hobgoblin (5 damage)
             ... on level 2 of the Dungeon.
             The game lasted 00:02:06 (981 turns).

jejorda2 the Poker (Merfolk Berserker)               Turns: 981, Time: 00:02:06

Health: -2/30      AC:  0    Str: 19    XL:     3   Next: 56%
Magic:  3/3        EV: 14    Int:  6    God:    Trog [*.....]
Gold:   59         SH:  0    Dex: 13    Spells: 2/2 levels left

rFire   . . .      SeeInvis .    (weapon currently unavailable)
rCold   . . .      Faith    .    (shield currently unavailable)
rNeg    . . .      Spirit   .    (body armour currently unavailable)
rPois   .          Reflect  .    (helmet currently unavailable)
rElec   .          Harm     .    (cloak currently unavailable)
rCorr   .          Rampage  .    (gloves currently unavailable)
Will    .....                    (boots currently unavailable)
Stlth   +.........               (no amulet)
HPRegen 0.25/turn                (ring currently unavailable)
MPRegen 0.08/turn                (ring currently unavailable)

@: lethally poisoned (-2 -> -4), pig-form (expiring), very quick
A: fast, no casting, small, (nimble swimmer 2), (mertail)
a: Renounce Religion, Berserk


You were on level 2 of the Dungeon.
You worshipped Trog.
Trog was aware of your devotion.
You were a filthy swine.
You visited 1 branch of the dungeon, and saw 2 of its levels.

You collected 59 gold pieces.

Inventory:

Hand Weapons
 a - a +0 spear (melded)
Missiles
 c - 11 stones (quivered)
Armour
 f - a +0 hat (melded)
 l - a +0 scale mail (melded)
Jewellery
 e - a ring of fire
Scrolls
 b - a scroll of fog {unknown}
 d - 2 scrolls of identify {unknown}
 g - a scroll of acquirement {unknown}
Potions
 h - a potion of mutation {unknown}
 i - a potion of lignification {unknown}
 j - a potion of haste {unknown}
 k - a potion of attraction {unknown}


   Skills:
 + Level 3.7 Fighting
 * Level 5.1 Polearms
 + Level 1.8 Armour
 - Level 2.6 Dodging


You had 2 spell levels left.
You didn't know any spells.
Your spell library was empty.

Dungeon Overview and Level Annotations

Branches:
Dungeon (2/15)

Altars:


Innate Abilities, Weirdness & Mutations

You are a filthy swine.
You move quickly.
Your equipment is almost entirely melded.
You are incapable of wielding weapons or throwing items.
You cannot cast spells.
((You are very nimble when in or above water. (Stealth+, EV+, Speed+++)))
((Your lower body shifts to a powerful aquatic tail in water.))


Message History

You feel sick.
You feel sick.
You feel sick. The adder closely misses you.
You hit the adder.
The adder is severely wounded.
You feel sick.
You are no longer poisoned.
The adder barely misses you. The adder bites you.
You are poisoned.
The adder poisons you!
You feel sick.
The hobgoblin throws a stone.
The stone closely misses you.
You feel sick. The adder closely misses you. The hobgoblin hits you.
Your transformation is almost over.
You feel sick.
You hit the adder.
The adder is almost dead.
You feel sick. The adder bites you.
* * * LOW HITPOINT WARNING * * *
You are more poisoned.
The adder poisons you!
You barely miss the adder.
The adder is almost dead.
You feel sick. The adder bites you.
* * * LOW HITPOINT WARNING * * *
The adder closely misses you.
You miss the adder.
The adder is almost dead.
You feel sick. The adder bites you.
* * * LOW HITPOINT WARNING * * *
You hit the adder.
You kill the adder!
Trog accepts your kill.
* * * LOW HITPOINT WARNING * * *
You feel sick.
Your Polearms skill increases to level 5!
You hit the hobgoblin but do no damage.
* * * LOW HITPOINT WARNING * * *
You feel sick. The hobgoblin hits you.
You die...

#... .
#..###..#
#........
##..#
#...#
#...#
#.#......
#g#######
#h# #.#
#.# #.#
#.#
##.#####
##
#......###
#.
#........#
#.
#........#
##.


You could see a hobgoblin.

Vanquished Creatures
  An adder (D:2)
  2 dart slugs
  5 ball pythons
  3 bats
  5 endoplasms (D:1)
  A giant cockroach (D:1)
  3 goblins (D:1)
  2 hobgoblins
  A quokka (D:1)
  A kobold (D:1)
  4 rats
28 creatures vanquished.

Notes
Turn   | Place    | Note
-------+----------+-------------------------------------------
     0 | D:1      | jejorda2 the Merfolk Berserker began the quest for the Orb.
     0 | D:1      | Reached XP level 1. HP: 18/18 MP: 1/1
   234 | D:1      | Reached XP level 2. HP: 24/24 MP: 2/2
   535 | D:1      | Reached XP level 3. HP: 29/29 MP: 3/3
   981 | D:2      | Reached skill level 5 in Polearms
   981 | D:2      | Slain by a hobgoblin

Illustrated notes

Levels and vault maps discovered:
D:1:      tarquinn_simple_flora_water_c, layout_basic
D:2:      layout_rooms, hellmonk_ecumenical_altar_lost_god, skrybe_limestone_x,
          uniq_natasha

Skill      XL: |  1  2  3 |
---------------+----------+-----
Polearms       | 5 |  5.1
Fighting       | |  3.7
Armour         | |  1.8
Dodging        | |  2.6

Action                   || total
-------------------------++-------
Melee: Spear             ||    76
       Unarmed           ||     8
 Stab: Sleeping          ||     3
Armor: Animal skin       ||     7
       Scale mail        ||     3
Dodge: Dodged            ||    29

Table legend: (Time is in decaauts)
 A = Elapsed time spent in this place.
 B = Non-inter-level travel time spent in this place.
 C = Inter-level travel time spent in this place.
 D = Time resting spent in this place.
 E = Time spent auto-exploring this place.
 F = Levels seen in this place.
 G = Mean time per level.
                   A        B        C        D        E       F      G
               +--------+--------+--------+--------+--------+-----+--------+
         Total |    965 |    946 |     19 |      0 |    755 |   2 |  482.5 |
       Dungeon |    965 |    946 |     19 |      0 |    755 |   2 |  482.5 |
               +--------+--------+--------+--------+--------+-----+--------+

Top non-repeatable levels by time:
     D:1: 848 daAuts
     D:2: 117 daAuts
